 Dungeon Crawl Stone Soup version 0.23-a0-375-g66a18ee (console) character file.

3014 Voker57 the Skirmisher (level 9, 0/72 HPs)
             Began as a Demonspawn Gladiator on Oct 26, 2018.
             Was a Believer of Nemelex Xobeh.
             Slain by a yak (11 damage)
             ... on level 7 of the Dungeon.
             The game lasted 00:12:10 (8632 turns).

Voker57 the Skirmisher (Demonspawn Gladiator)       Turns: 8632, Time: 00:12:11

Health: 0/72       AC:  6    Str: 15    XL:     9   Next: 55%
Magic:  18/18      EV: 17    Int: 10    God:    Nemelex Xobeh [**....]
Gold:   345        SH:  0    Dex: 17    Spells: 8/8 levels left

rFire    . . .     SeeInvis .   o - +4 long sword (curse)
rCold    . . .     Gourm    .   (no shield)
rNeg     + + .     Faith    .   l - +2 robe {rN+}
rPois    .         Spirit   .   d - +2 hat
rElec    .         Reflect  .   (no cloak)
rCorr    .         Harm     .   (no gloves)
MR       .....     Rnd*Tele +   (no boots)
Stlth    ++++......             (no amulet)
HPRegen  0.22/turn              p - ring "Zamigaat" {*Tele rN+ MP+9 Stlth+}
MPRegen  0.16/turn              (no ring)

@: starving
A: talons 1, deterioration 1, nightstalker 1, wild magic 1
a: Renounce Religion


You were on level 7 of the Dungeon.
You worshipped Nemelex Xobeh.
Nemelex Xobeh was pleased with you.
You were starving.

You visited 1 branch of the dungeon, and saw 7 of its levels.

You collected 378 gold pieces.
You spent 33 gold pieces at shops.

Inventory:

Hand Weapons
 a - a +2 long sword
 o - a cursed +4 long sword (weapon)
Armour
 b - a +0 leather armour
 c - a +0 helmet
 d - a +2 hat (worn)
 l - a +2 robe of positive energy (worn)
 m - a +0 robe of magic resistance
Jewellery
 e - an uncursed ring of stealth
 i - an uncursed ring of protection from cold
 p - the ring "Zamigaat" (left hand) {*Tele rN+ MP+9 Stlth+}
   (You found it on level 5 of the Dungeon)

   [ring of teleportation]

   It may teleport you next to monsters.
   It protects you from negative energy.
   It affects your magic capacity (+9).
   It makes you more stealthy.
 r - an uncursed amulet of the gourmand {unknown}
Scrolls
 g - 3 scrolls of teleportation
 h - 2 scrolls of amnesia
 j - 2 scrolls of identify
Potions
 k - 2 potions of might {unknown}
 n - a potion of brilliance
 q - 2 potions of curing
Miscellaneous
 v - a plain deck of destruction {drawn: 1}
Comestibles
 f - 12 rations


   Skills:
 + Level 7.3 Fighting
 + Level 7.2 Long Blades
 - Level 1.9 Throwing
 + Level 4.2 Armour
 + Level 7.0 Dodging
 - Level 0.2 Stealth


You had 8 spell levels left.
You didn't know any spells.
Your spell library contained the following spells:

 Spells                   Type           Power        Failure   Level  Hunger
 Corona                   Hex            #......      45%         1    ##.....
 Flame Tongue             Conj/Fire      #....        45%         1    ##.....
 Ensorcelled Hibernation  Hex/Ice        #.....       58%         2    ###....
 Throw Flame              Conj/Fire      #.....       58%         2    ###....
 Confuse                  Hex            #.......     82%         3    ####...
 Conjure Flame            Conj/Fire      #.......     82%         3    ####...
 Dazzling Spray           Conj/Hex       #.....       82%         3    ####...
 Inner Flame              Hex/Fire       #.......     82%         3    ####...
 Tukima's Dance           Hex            #.......     82%         3    ####...
 Sticky Flame             Conj/Fire      #.......     99%         4    #####..
 Fireball                 Conj/Fire      #.........   100%        5    ######.


Dungeon Overview and Level Annotations

Branches:
Dungeon (7/15)             Temple (0/1) D:6

Altars:
Cheibriados
Fedhas
Gozag
Kikubaaqudgha
Nemelex Xobeh
Qazlal
Trog
Vehumet
Wu Jian
Xom
Yredelemnul
The Shining One

Shops:
D:4 }   D:6 *?

Annotations:
D:3 1 exclusion


Innate Abilities, Weirdness & Mutations

You have sharp toenails.
You are slightly more attuned to the shadows.
Your body sometimes deteriorates upon taking damage.
Your spells are a little harder to cast, but a little more powerful.


Message History

The yak is heavily wounded.
You hit the yak but do no damage.
The yak is heavily wounded.
The yak gores you!
You barely miss the yak. You claw the yak, but do no damage.
The yak is heavily wounded.
The yak gores you!
* * * LOW HITPOINT WARNING * * *
You hit the yak.
The yak is heavily wounded.
The yak misses you.
You hit the yak.
The yak is severely wounded.
The yak closely misses you.
You riposte.
You barely miss the yak.
You claw the The yak is severely wounded.
You hit the yak but do no damage. You claw the yak.
The yak is severely wounded.
The yak gores you!
You die...
Your body glows slightly and disappears.

#.#.##.###.## ##+##
#.#.##..#.## *,*
#.#.##.#.## *,*
#......### **,**
###.##########*,,,**
#.##.......#,,,,,*
#.##.####*.#*,,,**
#.......#*.#**,** *******
####.##.##.#####***,,,,,,
#....@YY.....,,,,*****
#############*****


You could see 2 yaks.

Vanquished Creatures
  Pikel (D:4)
  A spriggan (D:7)
  4 yaks (D:7)
  An ice beast (D:7)
  An orc warrior (D:5)
  2 centaurs
  A bullfrog (D:6)
  A scorpion (D:7)
  4 wights (D:7)
  2 crimson imps (D:5)
  4 hounds
  A jelly (D:4)
  6 orc priests
  A bullfrog skeleton (D:5)
  4 orc wizards
  A centaur skeleton (D:6)
  An iguana (D:6)
  A worker ant (D:5)
  2 killer bee zombies
  A hound skeleton (D:6)
  A worker ant zombie (D:7)
  7 gnolls
  7 adders
  3 shadow imps
  An ooze (D:6)
  An adder skeleton (D:4)
  2 worms (D:3)
  3 dart slugs
  A leopard gecko (D:5)
  14 orcs
  3 giant cockroaches
  5 goblins
  10 hobgoblins
  21 jackals
  5 kobolds
  5 quokkas
  2 ball pythons
  6 bats
  2 frilled lizards
  4 leopard gecko skeletons
  A quokka skeleton (D:7)
  9 rats
153 creatures vanquished.

Vanquished Creatures (collateral kills)
  An ogre (D:5)
  A centaur (D:7)
  A bullfrog (D:7)
  A gnoll sergeant (D:7)
  5 wights (D:7)
  2 gnolls (D:7)
  An adder (D:5)
  A quokka skeleton (D:5)
13 creatures vanquished.

Vanquished Creatures (others)
  2 slaves (D:5)
  An adder (D:5)
  A quokka (D:6)
4 creatures vanquished.

Grand Total: 170 creatures vanquished

Notes
Turn   | Place    | Note
-------+----------+-------------------------------------------
     0 | D:1      | Voker57 the Demonspawn Gladiator began the quest for the
                  | Orb.
     0 | D:1      | Reached XP level 1. HP: 16/16 MP: 1/1
    55 | D:1      | Gained mutation: You are slightly more attuned to the
                  | shadows. [demonic ancestry]
    55 | D:1      | Reached XP level 2. HP: 15/22 MP: 2/2
   664 | D:1      | Reached XP level 3. HP: 26/27 MP: 3/3
  1058 | D:2      | Noticed a phantom
  1376 | D:2      | Found a radiant altar of Vehumet.
  1656 | D:2      | Found an ornate altar of the Wu Jian Council.
  1864 | D:3      | Reached XP level 4. HP: 15/34 MP: 4/4
  2208 | D:3      | Found a blossoming altar of Fedhas.
  2232 | D:3      | Found an ancient bone altar of Kikubaaqudgha.
  2437 | D:3      | Noticed a centaur
  2450 | D:3      | Killed a centaur
  2450 | D:3      | Reached XP level 5. HP: 4/41 MP: 5/5
  2452 | D:3      | HP: 1/41 [goblin/+0 dagger (4)]
  3049 | D:3      | Found a stormy altar of Qazlal.
  3365 | D:4      | Reached XP level 6. HP: 35/48 MP: 6/6
  4015 | D:4      | Found Poyvvuyz's Gadget Shoppe.
  4044 | D:4      | Found a glowing golden altar of the Shining One.
  4408 | D:5      | Entered Level 5 of the Dungeon
  4435 | D:5      | Found a sparkling altar of Nemelex Xobeh.
  4457 | D:5      | Became a worshipper of Nemelex Xobeh the Trickster
  4467 | D:5      | Noticed Pikel
  4468 | D:5      | Found a basalt altar of Yredelemnul.
  4468 | D:5      | Noticed a slave
  4468 | D:5      | Noticed a slave
  4468 | D:5      | Noticed a slave
  4468 | D:5      | Noticed a slave
  4788 | D:4      | Killed Pikel
  4788 | D:4      | Reached skill level 5 in Fighting
  4788 | D:4      | Reached skill level 5 in Long Blades
  4788 | D:4      | Reached skill level 5 in Dodging
  4788 | D:4      | Reached XP level 7. HP: 16/56 MP: 7/7
  5118 | D:5      | Found an opulent altar of Gozag.
  5125 | D:5      | Gained mutation: You have sharp toenails. [demonic
                  | ancestry]
  5125 | D:5      | Reached XP level 8. HP: 41/63 MP: 8/8
  5237 | D:5      | Received a gift from Nemelex Xobeh
  5261 | D:5      | Reached skill level 1 in Armour
  5336 | D:5      | Found a shimmering altar of Xom.
  5492 | D:5      | Got a twitching tin ring
  5814 | D:5      | Identified the ring "Zamigaat" {*Tele rN+ MP+9 Stlth+} (You
                  | found it on level 5 of the Dungeon)
  6433 | D:6      | Reached * piety under Nemelex Xobeh
  6448 | D:6      | Found Zynischups's General Store.
  6677 | D:6      | Gained mutation: Your body sometimes deteriorates upon
                  | taking damage. [potion of mutation]
  6677 | D:6      | Gained mutation: Your spells are a little harder to cast,
                  | but a little more powerful. [potion of mutation]
  7046 | D:6      | Found Saocuece's Magic Scroll Boutique.
  7058 | D:6      | Bought a scroll of teleportation for 33 gold pieces
  7186 | D:6      | Received a gift from Nemelex Xobeh
  7215 | D:6      | Found a snail-covered altar of Cheibriados.
  7215 | D:6      | Found a bloodstained altar of Trog.
  7366 | D:6      | Found a staircase to the Ecumenical Temple.
  7662 | D:7      | Reached XP level 9. HP: 60/71 MP: 9/9
  8429 | D:7      | Received a gift from Nemelex Xobeh
  8555 | D:7      | Reached ** piety under Nemelex Xobeh
  8632 | D:7      | Slain by a yak

Vault maps used:
D:1:      psy_arrival_terrarium
D:2:      old_standard_altar, nicolae_overflow_hidden_temple,
          chequers_ecumenical_altar_lobes, minmay_pentomino_u2
D:3:      grunt_qazlal_sundering, lemuel_round_altar, lemuel_crystal_altar,
          tgw_sif
D:4:      serial_shops, shop, tso_altar
D:5:      old_standard_altar, lemuel_round_altar, old_standard_altar,
          nicolae_gozag_seed_capital, first_ration, st_stairs_13, uniq_pikel
D:6:      gammafunk_temple_overflow_pools, lemuel_temple_firewalk_a,
          serial_shops, shop, kennysheep_mini_moat
D:7:      st_stairs_13, the_bakery

Skill      XL: |  1  2  3  4  5  6  7  8  9 |
---------------+----------------------------+-----
Long Blades    | 3 4 5 6 7 |  7.2
Dodging        | 3 4 5 6 7 |  7.0
Fighting       | 3 5 6 7 |  7.3
Armour         | 3 4 |  4.2
Throwing       | |  1.9
Stealth        | |  0.2

Action                   |  1- 3 |  4- 6 |  7- 9 || total
-------------------------+-------+-------+-------++-------
Melee: Long sword        |   130 |   205 |   207 ||   542
       Kick              |       |       |    77 ||    77
Throw: Throwing net      |     1 |     3 |       ||     4
Evoke: Deck              |       |       |    13 ||    13
  Use: Potion            |     3 |     1 |     2 ||     6
       Scroll            |       |     8 |     5 ||    13
 Stab: Sleeping          |     4 |     6 |     8 ||    18
       Distracted        |       |     1 |       ||     1
  Eat: Chunk             |     3 |     8 |     2 ||    13
       Ration            |       |       |     3 ||     3
Armor: Leather armour    |    56 |    43 |       ||    99
       Robe              |       |    10 |    39 ||    49
Dodge: Dodged            |   133 |   187 |   164 ||   484
       Rpst.: Long sword |    38 |    67 |    45 ||   150

Table legend:
 A = Non-vault XP
 B = Vault XP
 C = Vault XP percentage of total XP
 D = Non-vault monster count
 E = Vault monster count
 F = Vault count percentage of total count
                 A         B        C        D         E       F
            +---------+---------+-------+---------+---------+-------
      Total |    3424 |     883 |  20.5 |     161 |       5 |   3.0
            +---------+---------+-------+---------+---------+-------
        D:1 |      45 |       0 |   0.0 |      25 |       0 |   0.0
        D:2 |      36 |      14 |  28.0 |      14 |       2 |  12.5
        D:3 |     251 |       0 |   0.0 |      32 |       0 |   0.0
        D:4 |     306 |     641 |  67.7 |      23 |       1 |   4.2
        D:5 |     538 |       0 |   0.0 |      13 |       0 |   0.0
        D:6 |     554 |       0 |   0.0 |      27 |       0 |   0.0
        D:7 |    1694 |     228 |  11.9 |      27 |       2 |   6.9
            +---------+---------+-------+---------+---------+-------
